 Dungeon Crawl Stone Soup version 0.18.1-8-gdd0e5ea (webtiles) character file.

156 shmeve the Chopper (level 5, -8/49 HPs)
             Began as a Deep Dwarf Berserker on May 23, 2016.
             Was a Believer of Trog.
             Mangled by Grivan's ghost (10 damage)
             ... on level 4 of the Dungeon.
             The game lasted 00:06:00 (2284 turns).

shmeve the Chopper (Deep Dwarf Berserker)           Turns: 2284, Time: 00:06:01

Health: -8/49      AC: 11    Str: 22    XL:     5   Next: 14%
Magic:  6/6        EV:  7    Int:  7    God:    Trog [**....]
Gold:   136        SH:  3    Dex: 12    Spells: 0 memorised, 4 levels left

rFire  . . .     SeeInvis .     u - +0 war axe
rCold  . . .     Gourm    .     g - +0 plate armour
rNeg   . . .     Faith    .     (no shield)
rPois  .         Spirit   .     (no helmet)
rElec  .         Dismiss  .     (no cloak)
rCorr  .         Reflect  +     (no gloves)
SustAt .         Harm     .     (no boots)
MR     .....                    l - +3 amulet of reflection
Stlth  ..........               (no ring)
                                a - ring of loudness (curse)

@: non-regenerating, glowing, not resistant to hostile enchantments, extremely
unstealthy
A: damage resistance, recharge devices, sense surroundings 1, slow regeneration
3
a: Device Recharging, Berserk, Trog's Hand, Burn Spellbooks, Renounce Religion


You were on level 4 of the Dungeon.
You worshipped Trog.
Trog was pleased with you.
You were hungry.

You visited 1 branch of the dungeon, and saw 4 of its levels.

You collected 136 gold pieces.

Inventory:

Hand Weapons
 u - a +0 war axe (weapon)
Armour
 g - a +0 plate armour (worn)
Jewellery
 a - a cursed ring of loudness (left hand)
 l - a +3 amulet of reflection (around neck)
Wands
 c - a wand of heal wounds (4/9)
Scrolls
 f - a scroll of enchant weapon {unknown}
 i - a scroll of remove curse {unknown}
 m - a scroll of noise {unknown}
 o - 2 scrolls of identify {unknown}
 q - 2 scrolls of teleportation {unknown}
 t - a scroll of enchant armour {unknown}
Potions
 e - a potion of might {unknown}
 h - 2 potions of berserk rage {unknown}
 j - a potion of heal wounds {unknown}
 k - 3 potions of flight {unknown}
 n - 2 potions of lignification {unknown}
 r - a potion of curing {unknown}
 s - a potion of invisibility {unknown}
Comestibles
 b - 3 meat rations
 d - 4 bread rations
 p - 3 fruits


   Skills:
 * Level 3.5 Fighting
 * Level 4.5 Axes
 + Level 2.6 Armour
 + Level 3.1 Dodging
 + Level 2.5 Evocations


You had 4 spell levels left.
You didn't know any spells.

Dungeon Overview and Level Annotations

Branches:
Dungeon (4/15)
 Temple: D:4-7

Altars:
Fedhas
Gozag
Makhleb
Xom
Yredelemnul
Zin

Annotations:
D:4 Grivan's ghost, amateur TrAM


Innate Abilities, Weirdness & Mutations

You are resistant to damage.
You can recharge devices by infusing magical energy.
You passively map a small area around you.
You do not regenerate naturally.


Message History

You closely miss Grivan's ghost.
Grivan's ghost is almost destroyed.
Your skin stops crawling.
You feel less resistant to hostile enchantments.
Grivan's ghost hits you. Grivan's ghost casts a spell at you.
You are outlined in light.
You barely miss Grivan's ghost.
Grivan's ghost is almost destroyed.
You block Grivan's ghost's attack.
You hit Grivan's ghost.
Grivan's ghost is almost destroyed.
Grivan's ghost hits you!
* * * LOW HITPOINT WARNING * * *
You closely miss Grivan's ghost.
Grivan's ghost is almost destroyed.
Grivan's ghost hits you.
* * * LOW HITPOINT WARNING * * *
Grivan's ghost hits you!
You die...

#<.# *,
####.#######..
*
#..........).#*
#.##.#######.#
> #.##.# #.# ,
#.##.#### #.# *
* #.##....# #.#
#.#####.## #W#
, #.# #...###@#
#.# #.###.##.#
* #..... #....#
, * ###, #.####
,..## * #.# #.
# * * *


You could see Grivan's ghost.

Vanquished Creatures
  Jessica (D:2)
  Terence (D:3)
  3 adders
  A worm (D:2)
  2 dart slugs
  A giant gecko (D:2)
  6 orcs (D:3)
  A ball python (D:3)
  4 giant cockroaches
  5 hobgoblins
  2 jackals (D:2)
  6 kobolds
  2 quokkas
  9 bats
  2 giant newts
  7 goblins
  12 rats
65 creatures vanquished.

Notes
Turn   | Place    | Note
--------------------------------------------------------------
     0 | D:1      | shmeve the Deep Dwarf Berserker began the quest for the Orb.
     0 | D:1      | Reached XP level 1. HP: 20/20 MP: 1/1
   352 | D:1      | Reached XP level 2. HP: 25/27 MP: 2/2
   655 | D:2      | Reached skill level 1 in Evocations
   667 | D:2      | Found a shimmering altar of Xom.
   717 | D:2      | Found a burning altar of Makhleb.
   792 | D:2      | Reached XP level 3. HP: 32/34 MP: 4/4
   861 | D:2      | Reached skill level 4 in Axes
   901 | D:2      | Reached ** piety under Trog
   965 | D:2      | Noticed Jessica
   975 | D:2      | Killed Jessica
  1041 | D:2      | Reached XP level 4. HP: 34/42 MP: 5/5
  1121 | D:2      | Found a shimmering altar of Xom.
  1131 | D:2      | Found a shimmering altar of Xom.
  1134 | D:2      | Found a shimmering altar of Xom.
  1330 | D:2      | Found a blossoming altar of Fedhas.
  1857 | D:3      | Found a basalt altar of Yredelemnul.
  1904 | D:3      | Noticed Terence
  1909 | D:3      | Killed Terence
  1909 | D:3      | Reached XP level 5. HP: 49/49 MP: 6/6
  2079 | D:3      | Reached *** piety under Trog
  2136 | D:3      | Found a glowing silver altar of Zin.
  2136 | D:3      | Found an opulent altar of Gozag.
  2258 | D:4      | Noticed Grivan's ghost (amateur TrAM)
  2284 | D:4      | HP: 2/49 [Grivan's ghost (2)]
  2284 | D:4      | Mangled by Grivan's ghost

Skill      XL: |  1  2  3  4 |
---------------+-------------+-----
Evocations     | 1 2 |  2.5
Fighting       | 3 |  3.5
Axes           | 4 |  4.5
Dodging        | 3 |  3.1
Armour         | |  2.6

Action                   |  1- 3 |  4- 6 || total
-------------------------+-------+-------++-------
Melee: Hand axe          |   101 |    66 ||   167
       War axe           |       |    52 ||    52
Invok: Trog's Hand       |       |     1 ||     1
Evoke: Wand              |       |     1 ||     1
  Eat: Chunk             |       |     4 ||     4
Armor: Plate armour      |    92 |    65 ||   157
       Animal skin       |     1 |       ||     1
Dodge: Dodged            |    38 |    48 ||    86
Block: Other             |     8 |    15 ||    23
